[Event "Titled Tuesday Blitz November 08 Early 2022"]
[White "Turzo, Attila"]
[Black "Osmonbekov, Talaibek"]
[WhiteFideId "704954"]
[BlackFideId "2017253"]
[WhiteElo "2517"]
[BlackElo "2135"]
[Result "1-0"]
[Round "02"]
[TimeControl "180+1"]
[Date "2022.11.09"]
[WhiteClock "0:01:27"]
[BlackClock "0:00:21"]

1. d4 e6 2. c4 f5 3. Nf3 Nf6 4. g3 Be7 5. Bg2 O-O 6. O-O d6 7. Nc3 a5 8. Re1 Ne4 9. Qc2 Nxc3 10. Qxc3 Nc6 11. e4 e5 12. dxe5 dxe5 13. exf5 Bb4 14. Qe3 Bxe1 15. Qxe1 Bxf5 16. Bg5 Qe8 17. Qc3 h6 18. Be3 Rd8 19. Re1 Rd3 20. Qc1 Be4 21. Bf1 Rxf3 22. Bxd3 Bxd3 23. Qd1 e4 24. Bxh6 Qh5 25. Bf4 Ne5 26. Bxe5 Qxe5 27. Qxf3 Qxb2 28. Qf4 Qc3 29. Qe3 Qxc4 30. f3 exf3 31. Qe8+ Kh7 32. Qh5+ 1-0


[Site "https://www.chess.com"]

[Event "Titled Tuesday Blitz November 08 Early 2022"]
[White "Vargas, Mauricio"]
[Black "Bettalli, Francesco"]
[WhiteFideId "4404572"]
[BlackFideId "2816453"]
[WhiteElo "2025"]
[BlackElo "2216"]
[Result "0-1"]
[Round "02"]
[TimeControl "180+1"]
[Date "2022.11.09"]
[WhiteClock "0:00:06"]
[BlackClock "0:01:35"]

1. e4 e5 2. Nf3 Nf6 3. Nc3 Bc5 4. d4 exd4 5. Na4 Bb4+ 6. Bd2 Qe7 7. b3 Nxe4 8. Be2 b5 9. Nb2 Bxd2+ 10. Nxd2 Nc3 11. O-O Nxd1 12. Raxd1 O-O 13. Bxb5 Bb7 14. Rfe1 Qg5 15. Bf1 d6 16. h3 Nd7 17. Nd3 Ne5 18. f4 Qg3 19. fxe5 Rae8 0-1


[Site "https://www.chess.com"]

[Event "Titled Tuesday Blitz November 08 Early 2022"]
[White "Velikanov, Alexander"]
[Black "Terry, Renato"]
[WhiteFideId "2039290"]
[BlackFideId "3803457"]
[WhiteElo "2259"]
[BlackElo "2577"]
[Result "0-1"]
[Round "02"]
[TimeControl "180+1"]
[Date "2022.11.08"]
[WhiteClock "0:00:08"]
[BlackClock "0:00:55"]

1. e4 e6 2. d3 d5 3. Qe2 Be7 4. g3 dxe4 5. dxe4 Nc6 6. c3 e5 7. Bg2 Nf6 8. Nf3 Bg4 9. h3 Bh5 10. Nbd2 O-O 11. O-O Re8 12. b4 a6 13. Nc4 Bf8 14. Rd1 Qc8 15. Bg5 Qe6 16. a4 h6 17. Bxf6 Qxf6 18. Ne3 Bd6 19. Nd5 Qe6 20. g4 Bg6 21. Nh4 Ne7 22. Nf5 Nxd5 23. exd5 Qf6 24. Be4 Bxf5 25. gxf5 a5 26. Rdb1 b6 27. Kh2 Qh4 28. Qg4 Qxf2+ 29. Kh1 Qf4 30. Qg2 Be7 31. f6 Bxf6 32. Rf1 Qg5 33. Qe2 Kh8 34. Rf5 Qh4 35. Kh2 Bg5 36. Rxf7 Bf4+ 37. Kg1 Rf8 38. Rxc7 Qxh3 39. Qg2 Be3+ 0-1


[Site "https://www.chess.com"]

[Event "Titled Tuesday Blitz November 08 Early 2022"]
[White "Vlassov, Nikolai"]
[Black "Timofeev, Artyom"]
[WhiteFideId "4103360"]
[BlackFideId "4140419"]
[WhiteElo "2324"]
[BlackElo "2586"]
[Result "0-1"]
[Round "02"]
[TimeControl "180+1"]
[Date "2022.11.09"]
[WhiteClock "0:00:01"]
[BlackClock "0:00:09"]

1. e4 c5 2. c3 Nf6 3. e5 Nd5 4. d4 cxd4 5. cxd4 d6 6. Bc4 Nb6 7. Bb3 dxe5 8. Qh5 e6 9. dxe5 Nc6 10. Nc3 g6 11. Qg5 Qxg5 12. Bxg5 Be7 13. Bxe7 Kxe7 14. f4 Bd7 15. Nf3 Na5 16. Nd4 Rhd8 17. O-O-O Rac8 18. Kb1 Nxb3 19. axb3 Bc6 20. Nxc6+ Rxc6 21. Rxd8 Kxd8 22. Rd1+ Ke7 23. g3 a6 24. Rd4 Rc7 25. Kc2 f6 26. exf6+ Kxf6 27. Kd3 Ke7 28. h4 Nd7 29. Ne4 Rc1 30. Rc4 Rxc4 31. bxc4 e5 32. fxe5 Nxe5+ 33. Kd4 Nc6+ 34. Kc5 Ne5 35. b3 Nd7+ 36. Kd5 Nb6+ 37. Kd4 Nc8 38. Nc5 Nd6 39. Kd5 h5 40. b4 b5 41. cxb5 axb5 42. Kc6 Nf5 43. Ne4 Ke6 44. Kxb5 Ke5 45. Ng5 Nxg3 46. Kc6 Nf5 47. b5 Nd4+ 48. Kc5 Nxb5 49. Kxb5 Kf4 50. Nh7 Kg4 51. Nf8 g5 52. hxg5 Kxg5 53. Ne6+ Kg4 54. Nc5 Kf3 55. Ne6 Kg4 56. Nc5 h4 0-1


[Site "https://www.chess.com"]

[Event "Titled Tuesday Blitz November 08 Early 2022"]
[White "Wagner, Dennis"]
[Black "Kostiukov, Alexandr"]
[WhiteFideId "24650684"]
[BlackFideId "14108100"]
[WhiteElo "2470"]
[BlackElo "2202"]
[Result "1-0"]
[Round "02"]
[TimeControl "180+1"]
[Date "2022.11.09"]
[WhiteClock "0:00:16"]
[BlackClock "0:00:04"]

1. e4 c5 2. Nf3 g6 3. c3 Bg7 4. d4 cxd4 5. cxd4 d5 6. e5 Nc6 7. Bb5 Bg4 8. Nbd2 Nh6 9. O-O O-O 10. h3 Bxf3 11. Nxf3 Qb6 12. Bxc6 Qxc6 13. Bf4 f6 14. Rc1 Qb6 15. Qb3 Qxb3 16. axb3 Rfc8 17. e6 g5 18. Bc7 g4 19. hxg4 Nxg4 20. Rc5 b6 21. Rc6 Bh6 22. g3 a6 23. Rc3 b5 24. Rc5 Ra7 25. Bb6 Rxc5 26. Bxc5 Rc7 27. Nh4 Kf8 28. Nf5 Bd2 29. b4 Nh6 30. Nxe7 Rxe7 31. Ra1 Nf5 32. Rxa6 Kg7 33. g4 Re8 34. gxf5 Kh6 35. Rd6 Kg5 36. Rxd5 Kf4 37. e7 Rg8+ 38. Kf1 Kf3 39. Rd8 Rg2 40. e8=Q Rxf2+ 41. Kg1 Rg2+ 42. Kh1 Bf4 43. Qh5+ 1-0


[Site "https://www.chess.com"]

[Event "Titled Tuesday Blitz November 08 Early 2022"]
[White "Weetik, Vjacheslav"]
[Black "Andreikin, Dmitry"]
[WhiteFideId "4153472"]
[BlackFideId "4158814"]
[WhiteElo "2469"]
[BlackElo "2736"]
[Result "0-1"]
[Round "02"]
[TimeControl "180+1"]
[Date "2022.11.08"]
[WhiteClock "0:00:04"]
[BlackClock "0:00:30"]

1. d4 d5 2. c4 e6 3. Nf3 Nf6 4. Nc3 Nbd7 5. e3 b6 6. cxd5 exd5 7. Ne5 Bb7 8. Bb5 Bd6 9. Qa4 a6 10. Bc6 b5 11. Qc2 Bxc6 12. Nxc6 Qc8 13. Bd2 O-O 14. O-O Re8 15. Rac1 Re6 16. Qf5 Nb6 17. Ne5 Nc4 18. Nxc4 dxc4 19. Qf3 c5 20. dxc5 Bxc5 21. Rfd1 Qc6 22. Be1 Qxf3 23. gxf3 Rc8 24. Nd5 h5 25. b3 Ba3 26. Rc2 Rec6 27. Nxf6+ Rxf6 28. bxc4 Rxc4 29. Rxc4 bxc4 30. Bc3 Rxf3 31. Rd4 g5 32. Rxc4 Be7 33. Rc6 g4 34. Rxa6 Bh4 35. Be1 f5 0-1


[Site "https://www.chess.com"]

[Event "Titled Tuesday Blitz November 08 Early 2022"]
[White "Wiegmann, Sascha"]
[Black "Cella, Glaucio Dalla Cortt"]
[WhiteFideId "4682041"]
[BlackFideId "2119455"]
[WhiteElo "2295"]
[BlackElo "2011"]
[Result "1-0"]
[Round "02"]
[TimeControl "180+1"]
[Date "2022.11.09"]
[WhiteClock "0:00:18"]
[BlackClock "0:00:13"]

1. Nf3 c5 2. g3 e6 3. Bg2 Nf6 4. O-O d5 5. d3 Nc6 6. Nbd2 Be7 7. e4 dxe4 8. dxe4 e5 9. c3 O-O 10. Qe2 Qc7 11. Nc4 b5 12. Ne3 a6 13. Nd5 Qd6 14. Rd1 Bg4 15. Bg5 Nxd5 16. exd5 Bxg5 17. dxc6 Qxc6 18. h3 Bxf3 19. Bxf3 e4 20. Qxe4 Qxe4 21. Bxe4 Rae8 22. Bb7 Re6 23. Rd5 Bf6 24. Rxc5 Re2 25. Bxa6 Rxb2 26. Bxb5 Bxc3 27. Rxc3 Rxb5 28. a4 Ra5 29. Rc4 Rfa8 30. Kg2 Kf8 31. h4 Ke7 32. Kf3 f6 33. Re4+ Kd6 34. Kf4 g6 35. Rd1+ Kc5 36. Rdd4 f5 37. Rc4+ Kd5 38. Red4+ Ke6 39. Kg5 Kf7 40. Rc7+ Kg8 41. Kh6 R5a7 42. Rdd7 Rxc7 43. Rxc7 Rxa4 44. Rg7+ Kf8 45. Rxh7 Rg4 46. Rg7 f4 47. Rxg6 Rxg6+ 48. Kxg6 fxg3 49. fxg3 Kg8 50. h5 Kh8 51. g4 Kg8 52. g5 Kh8 53. Kh6 Kg8 54. g6 Kh8 55. Kg5 Kg8 56. h6 Kh8 57. Kf6 Kg8 58. h7+ Kh8 59. g7+ Kxh7 60. Kf7 Kh6 61. g8=Q Kh5 62. Qg3 1-0


[Site "https://www.chess.com"]

[Event "Titled Tuesday Blitz November 08 Early 2022"]
[White "Winterberg, Lukas"]
[Black "Luxama, Jacques Muller"]
[WhiteFideId "24622702"]
[BlackFideId "11900113"]
[WhiteElo "2349"]
[BlackElo "1931"]
[Result "0-1"]
[Round "02"]
[TimeControl "180+1"]
[Date "2022.11.09"]
[WhiteClock "0:00:06"]
[BlackClock "0:00:32"]

1. e4 c5 2. Bc4 e6 3. Nc3 a6 4. a4 Nc6 5. Nf3 Qc7 6. O-O Nge7 7. d4 cxd4 8. Nxd4 Nxd4 9. Qxd4 Nc6 10. Qe3 b6 11. Nd5 exd5 12. exd5+ Ne7 13. b3 d6 14. Bb2 f6 15. Bd4 Rb8 16. Be2 Kf7 17. c4 Nf5 18. Qd3 Nxd4 19. Qxd4 Bf5 20. g4 Bg6 21. f4 Kg8 22. Kh1 Qc5 23. Qd2 Re8 24. f5 Bf7 25. Rf3 h5 26. g5 fxg5 27. f6 g4 28. Rc3 Qf2 29. Re1 Bg6 30. f7+ Kxf7 31. Rf1 Be4+ 32. Bf3 Qxf1# 0-1


[Site "https://www.chess.com"]

[Event "Titled Tuesday Blitz November 08 Early 2022"]
[White "Wong, Yinn Long"]
[Black "Kukula, Pawel"]
[WhiteFideId "5707684"]
[BlackFideId "1115081"]
[WhiteElo "2271"]
[BlackElo "2046"]
[Result "0-1"]
[Round "02"]
[TimeControl "180+1"]
[Date "2022.11.09"]
[WhiteClock "0:00:09"]
[BlackClock "0:00:08"]

1. d4 Nf6 2. Bf4 d5 3. e3 c5 4. c3 Nc6 5. Nd2 Bf5 6. Ngf3 e6 7. Qb3 Qc8 8. c4 cxd4 9. Nxd4 Nxd4 10. exd4 Be7 11. c5 O-O 12. Be2 Nd7 13. Rc1 Bf6 14. Qb4 Nb8 15. Nf3 Nc6 16. Qd2 Be4 17. Be3 h6 18. b4 Ne7 19. O-O Nf5 20. b5 Re8 21. a4 Qd7 22. Rfe1 Rac8 23. h3 Qd8 24. Nh2 Nxe3 25. Qxe3 Bg5 26. f4 Bh4 27. g3 Be7 28. Bf3 Bf5 29. Bg2 Bf6 30. Nf3 Be4 31. Nd2 Bf5 32. g4 Bh7 33. Nf3 Be4 34. Nd2 Bh7 35. Kh1 Qa5 36. Ra1 Qb4 37. Nf3 Be4 38. Red1 a6 39. bxa6 bxa6 40. Rd2 Bxf3 41. Bxf3 Rxc5 42. Rg1 Rc4 43. g5 hxg5 44. fxg5 Bxd4 45. Rxd4 Rxd4 46. g6 f6 47. Be2 Rh4 48. Qf3 Qe4 49. Rc1 Qxf3+ 50. Bxf3 Rxh3+ 51. Kg2 Rh4 52. Rc7 Rh6 53. Kf2 Rxg6 54. Bh5 Kh7 55. Bxg6+ Kxg6 56. Rc6 Ra8 57. Rxe6 Kf5 58. Re7 g5 59. Ke3 g4 60. a5 Rg8 61. Kf2 Kf4 62. Re6 f5 63. Rxa6 d4 64. Rd6 Ke5 65. Rd7 Ra8 66. Re7+ Kf4 67. Rd7 Rxa5 68. Rxd4+ Kg5 69. Rd8 Ra2+ 70. Kg1 Kf4 71. Rc8 Re2 72. Rc4+ Re4 73. Rc5 Re3 74. Rc4+ Kg3 75. Kf1 f4 76. Rc2 Rf3+ 77. Kg1 Ra3 78. Rg2+ Kh4 79. Rh2+ Kg5 80. Rb2 Ra1+ 81. Kf2 Kh4 82. Rb8 Ra2+ 83. Kf1 Kg3 84. Rb1 f3 85. Kg1 Rg2+ 86. Kh1 Rh2+ 87. Kg1 f2+ 88. Kf1 Rh1+ 0-1


[Site "https://www.chess.com"]

[Event "Titled Tuesday Blitz November 08 Early 2022"]
[White "Xiong, Jeffery"]
[Black "Noboa Silva, Kevin"]
[WhiteFideId "2047640"]
[BlackFideId "3618471"]
[WhiteElo "2725"]
[BlackElo "2178"]
[Result "1-0"]
[Round "02"]
[TimeControl "180+1"]
[Date "2022.11.08"]
[WhiteClock "0:00:57"]
[BlackClock "0:00:12"]

1. f4 Nf6 2. Nf3 d6 3. g3 Nbd7 4. Bg2 e5 5. d3 Be7 6. e4 O-O 7. f5 d5 8. Nc3 dxe4 9. dxe4 Bb4 10. Qe2 Nc5 11. Nd2 b6 12. Nb3 Ba6 13. Qe3 Bb7 14. Nxc5 Bxc5 15. Qe2 Qd4 16. Bd2 Rad8 17. O-O-O Qf2 18. Qxf2 Bxf2 19. Bg5 Bd4 20. Nb5 h6 21. Bxf6 gxf6 22. Nxc7 Rd7 23. Nd5 Bxd5 24. exd5 Rc8 25. c3 b5 26. Kb1 Bb6 27. Rhe1 Rd6 28. Re4 a5 29. a4 bxa4 30. Rxa4 Rb8 31. Kc2 Kg7 32. Rc4 Kf8 33. Ra1 Ke7 34. Raa4 Kd7 35. Rc6 Rxc6 36. dxc6+ Kc7 37. Rg4 Rf8 38. Rg7 Bg1 39. h3 Bh2 40. Kb3 Kd6 41. Ka4 Bg1 42. Kxa5 Ra8+ 43. Kb5 Rb8+ 44. Kc4 Rxb2 45. Bd5 1-0


[Site "https://www.chess.com"]

[Event "Titled Tuesday Blitz November 08 Early 2022"]
[White "Yeremyan, Alen"]
[Black "Sihlongonyane, Sikhanyiso"]
[WhiteFideId "13308998"]
[BlackFideId "20700784"]
[WhiteElo "2159"]
[BlackElo "1574"]
[Result "1-0"]
[Round "02"]
[TimeControl "180+1"]
[Date "2022.11.09"]
[WhiteClock "0:02:06"]
[BlackClock "0:00:57"]

1. c4 Nf6 2. Nc3 e6 3. e4 d5 4. cxd5 exd5 5. e5 Ne4 6. Nxe4 dxe4 7. Qa4+ Bd7 8. Qxe4 Bc6 9. Qe3 Qd5 10. Nf3 Bc5 11. d4 Bb4+ 12. Bd2 Bxd2+ 13. Nxd2 O-O 14. Bc4 Qxg2 15. O-O-O Qxh1 16. Rxh1 Bxh1 17. f3 Bg2 18. Ne4 Bh3 19. Ng5 Bf5 20. Nxf7 Rxf7 21. Bxf7+ Kxf7 22. Qb3+ 1-0


[Site "https://www.chess.com"]

[Event "Titled Tuesday Blitz November 08 Early 2022"]
[White "Zacurdajev, Dmitry"]
[Black "Sarana, Alexey"]
[WhiteFideId "4196309"]
[BlackFideId "24133795"]
[WhiteElo "2179"]
[BlackElo "2708"]
[Result "0-1"]
[Round "02"]
[TimeControl "180+1"]
[Date "2022.11.09"]
[WhiteClock "0:00:02"]
[BlackClock "0:00:03"]

1. d4 Nf6 2. c4 e6 3. Nc3 Bb4 4. Qc2 d5 5. Bg5 dxc4 6. e3 c5 7. dxc5 Qa5 8. Bxf6 gxf6 9. Bxc4 Qxc5 10. Bd3 Nc6 11. Ne2 Ne5 12. O-O Bd7 13. a3 Bxc3 14. Nxc3 f5 15. b4 Qb6 16. Na4 Bxa4 17. Qxa4+ Ke7 18. Be2 Rhg8 19. Rfd1 Rac8 20. Rac1 a6 21. b5 Rxc1 22. Qh4+ Kf8 23. Rxc1 Kg7 24. bxa6 bxa6 25. Qg5+ Ng6 26. h4 h6 27. Qg3 Kh7 28. h5 Ne7 29. Qh4 Qb2 30. Rc7 Qxe2 31. Rxe7 Rg7 32. Kh2 Qb2 33. a4 a5 34. Qf4 Kg8 35. Re8+ Kh7 36. Qh4 Rg5 37. Qf4 Rxh5+ 38. Kg3 Rg5+ 39. Kh2 Rh5+ 40. Kg3 Qf6 41. Kf3 Qg7 42. g3 Rh2 43. Qb8 Qg4# 0-1


[Site "https://www.chess.com"]

[Event "Titled Tuesday Blitz November 08 Early 2022"]
[White "Zaichenko, Daria"]
[Black "Saravana, Krishnan P."]
[WhiteFideId "4197453"]
[BlackFideId "5018382"]
[WhiteElo "2039"]
[BlackElo "2155"]
[Result "0-1"]
[Round "02"]
[TimeControl "180+1"]
[Date "2022.11.09"]
[WhiteClock "0:01:25"]
[BlackClock "0:02:11"]

1. e4 c6 2. d4 d5 3. Nc3 dxe4 4. Nxe4 Nf6 5. Nxf6+ exf6 6. c3 Bd6 7. Bd3 O-O 8. Be3 Re8 9. Qc2 h5 10. O-O-O Be6 11. Kb1 Nd7 12. Ne2 b5 13. h3 Qa5 14. b3 Nb6 15. g4 h4 16. g5 fxg5 17. Bxg5 b4 18. c4 Qxg5 19. Rhg1 Qf6 20. c5 Bc7 21. cxb6 Bxb6 22. Qxc6 g6 23. d5 Rac8 24. Qb5 Bf5 25. d6 Rxe2 0-1


[Site "https://www.chess.com"]

[Event "Titled Tuesday Blitz November 08 Early 2022"]
[White "Zainullina, Nataliya"]
[Black "Omariev, Maksim"]
[WhiteFideId "4145488"]
[BlackFideId "4193423"]
[WhiteElo "2073"]
[BlackElo "2413"]
[Result "0-1"]
[Round "02"]
[TimeControl "180+1"]
[Date "2022.11.09"]
[WhiteClock "0:00:01"]
[BlackClock "0:00:07"]

1. Nf3 d5 2. d4 Nf6 3. c4 c6 4. g3 dxc4 5. Bg2 b5 6. a4 Bb7 7. Ne5 a6 8. O-O e6 9. e3 Be7 10. b3 cxb3 11. Qxb3 O-O 12. Ba3 Nfd7 13. Nd3 Nb6 14. Bxe7 Qxe7 15. axb5 cxb5 16. Bxb7 Qxb7 17. Nc5 Qd5 18. Qxd5 Nxd5 19. Nd2 a5 20. Rfb1 b4 21. Ndb3 Nc6 22. Na4 Rab8 23. Rc1 Rfc8 24. Rc2 Nce7 25. Rac1 Rxc2 26. Rxc2 Rc8 27. Rxc8+ Nxc8 28. Nxa5 Nd6 29. Nb3 f5 30. Nac5 Kf7 31. Kf1 Nb5 32. Ke2 Nbc3+ 0-1


[Site "https://www.chess.com"]

[Event "Titled Tuesday Blitz November 08 Early 2022"]
[White "Zaragatski, Ilja"]
[Black "Fajdetic, Hrvoje"]
[WhiteFideId "4655192"]
[BlackFideId "14501945"]
[WhiteElo "2460"]
[BlackElo "2172"]
[Result "1-0"]
[Round "02"]
[TimeControl "180+1"]
[Date "2022.11.09"]
[WhiteClock "0:00:24"]
[BlackClock "0:00:28"]

1. g3 f5 2. Bg2 Nf6 3. d4 e6 4. Nf3 Be7 5. O-O O-O 6. Nc3 d5 7. Bf4 c6 8. Nb1 b6 9. Nbd2 Nbd7 10. c4 Bb7 11. Rc1 Ne4 12. Ne5 Nxe5 13. Bxe5 Bf6 14. Nf3 Kh8 15. Bxf6 Nxf6 16. Ne5 Nd7 17. Nd3 Qf6 18. e3 g5 19. b4 a5 20. b5 dxc4 21. bxc6 cxd3 22. cxb7 Rab8 23. Qxd3 f4 24. exf4 gxf4 25. Rc7 Qd8 26. Rfc1 Nf6 27. Rc8 Qd6 28. R1c6 Qd7 29. R6c7 Qd6 30. Rxb8 Rxb8 31. Rc8+ Kg7 32. Qc4 Nd5 33. Rxb8 Qxb8 34. Qc8 1-0


[Site "https://www.chess.com"]

[Event "Titled Tuesday Blitz November 08 Early 2022"]
[White "Zhao, Erick"]
[Black "Galchenko, Matvey"]
[WhiteFideId "30946930"]
[BlackFideId "24175480"]
[WhiteElo "2587"]
[BlackElo "2403"]
[Result "0-1"]
[Round "02"]
[TimeControl "180+1"]
[Date "2022.11.09"]
[WhiteClock "0:01:30"]
[BlackClock "0:02:10"]

1. e4 e6 2. d4 d5 3. Nc3 Bb4 4. exd5 exd5 5. Bd3 Nc6 6. Ne2 Nge7 7. O-O O-O 8. a3 Ba5 9. b4 Bb6 10. b5 Na5 11. Na4 Bf5 12. Bxf5 Nxf5 13. Qd3 Qd7 14. Nc5 Bxc5 15. dxc5 Rfe8 16. Nf4 c6 17. a4 Nc4 18. Bd2 Re4 19. Rfe1 Rd4 20. bxc6 bxc6 0-1


[Site "https://www.chess.com"]

[Event "Titled Tuesday Blitz November 08 Early 2022"]
[White "Zia, Tahsin Tajwar"]
[Black "Matinian, Nikita"]
[WhiteFideId "10211888"]
[BlackFideId "24129100"]
[WhiteElo "2061"]
[BlackElo "2422"]
[Result "0-1"]
[Round "02"]
[TimeControl "180+1"]
[Date "2022.11.09"]
[WhiteClock "0:00:02"]
[BlackClock "0:00:27"]

1. d4 Nf6 2. Bg5 d5 3. e3 c5 4. Bxf6 gxf6 5. Nc3 Nc6 6. Qh5 cxd4 7. exd4 f5 8. Bb5 e6 9. Nge2 Bd6 10. O-O-O Bd7 11. Bxc6 bxc6 12. Rhe1 Rb8 13. Ng3 Qb6 14. b3 Bb4 15. Na4 Qa5 16. Re3 Ba3+ 17. Nb2 f4 18. Qe5 fxe3 19. Qxb8+ Ke7 20. Qxh8 Qc3 21. Rd3 Qe1+ 22. Rd1 exf2 23. Qe5 Qc3 24. Nf5+ Kd8 25. Qe3 Qxb2+ 26. Kd2 Bb4+ 27. Ke2 Qxc2+ 28. Kf3 Qxf5+ 0-1


[Site "https://www.chess.com"]

[Event "Titled Tuesday Blitz November 08 Early 2022"]
[White "czernikowskqa"]
[Black "Mihailidis, Anastasios"]
[BlackFideId "4205588"]
[WhiteElo "1739"]
[BlackElo "2312"]
[Result "0-1"]
[Round "02"]
[TimeControl "180+1"]
[Date "2022.11.09"]
[WhiteClock "0:00:14"]
[BlackClock "0:00:14"]

1. d4 d5 2. c4 e6 3. Nc3 Nf6 4. Nf3 Be7 5. Bg5 h6 6. Bh4 O-O 7. e3 Nbd7 8. cxd5 Nxd5 9. Bxe7 Qxe7 10. Bd3 c5 11. Nxd5 exd5 12. O-O c4 13. Bc2 Re8 14. Qd2 Nf6 15. Ne5 Bd7 16. a4 a6 17. a5 Bb5 18. Rfc1 Nd7 19. Nf3 Rac8 20. Bb1 Nf6 21. Ne5 Nd7 22. Nf3 Rc6 23. h4 Rec8 24. Rc3 Rf6 25. Qc2 g6 26. h5 Kg7 27. hxg6 fxg6 28. Nh4 Nf8 29. Nf3 Be8 30. Ne5 Nd7 31. f4 Nxe5 32. dxe5 Rfc6 33. Qd1 Qc5 34. f5 Rd8 35. f6+ Kh7 36. Raa3 d4 37. Rc1 d3 38. Bxd3 Qxe3+ 39. Kh1 cxd3 40. Rxc6 Bxc6 41. Qf1 d2 42. Rxe3 d1=Q 43. Qxd1 Rxd1+ 44. Kh2 Kg8 45. e6 Rf1 46. f7+ Kf8 47. Rd3 Ke7 48. Rd2 Kxe6 49. b4 Rxf7 50. Re2+ Kd6 51. Rd2+ Ke5 52. Kg3 Rd7 53. Re2+ Kd4 54. Re6 Be4 55. Kf4 Bf5 56. Re8 Kc4 57. Rh8 h5 58. Re8 Kxb4 59. Kg5 Kxa5 60. Re5+ b5 61. Re1 b4 62. Ra1+ Kb5 63. Rc1 a5 64. Kf6 b3 0-1


[Site "https://www.chess.com"]

[Event "Titled Tuesday Blitz November 08 Early 2022"]
[White "Ahn, Hongjin"]
[Black "Putnam, Liam"]
[WhiteFideId "13201492"]
[BlackFideId "30938279"]
[WhiteElo "2182"]
[BlackElo "2082"]
[Result "0-1"]
[Round "03"]
[TimeControl "180+1"]
[Date "2022.11.09"]
[WhiteClock "0:00:06"]
[BlackClock "0:00:30"]

1. Nf3 d5 2. c4 d4 3. e3 Nc6 4. b4 dxe3 5. fxe3 Nxb4 6. d4 e5 7. a3 Nc6 8. d5 e4 9. Nfd2 Ne5 10. Nxe4 Qh4+ 11. Nf2 Bd6 12. Qd4 Qe7 13. Bb2 Nf6 14. c5 Bxc5 15. Qxe5 Qxe5 16. Bxe5 Nxd5 17. Bxg7 Rg8 18. Bd4 Bxd4 19. exd4 Bf5 20. Nd2 Ne3 21. Rc1 O-O-O 22. g4 Nxg4 23. Nxg4 Bxg4 24. Rg1 Rge8+ 25. Kf2 Rxd4 26. Nb3 Rf4+ 27. Kg3 Ra4 0-1


[Site "https://www.chess.com"]

[Event "Titled Tuesday Blitz November 08 Early 2022"]
[White "Akylbekov, Nasyr"]
[Black "Barbashin, Igor"]
[WhiteFideId "13800353"]
[BlackFideId "4155718"]
[WhiteElo "2310"]
[BlackElo "2138"]
[Result "0-1"]
[Round "03"]
[TimeControl "180+1"]
[Date "2022.11.09"]
[WhiteClock "0:01:06"]
[BlackClock "0:01:11"]

1. e4 d5 2. exd5 Nf6 3. c4 c6 4. d4 cxd5 5. Nc3 g6 6. Nf3 Bg7 7. Bf4 O-O 8. c5 Nc6 9. Bb5 Ne4 10. O-O Bf5 11. h3 Qa5 12. Bxc6 bxc6 13. g4 Nxc3 14. bxc3 Be4 15. Bd2 Qa6 16. Nh2 e5 17. f3 Bd3 18. Be3 Bxf1 19. Nxf1 exd4 20. cxd4 Rfe8 21. Bf4 Qc4 22. Be3 Rxe3 0-1


[Site "https://www.chess.com"]

[Event "Titled Tuesday Blitz November 08 Early 2022"]
[White "Alhadad, Mahmoud"]
[Black "Melikhov, Evgeny V."]
[WhiteFideId "11501863"]
[BlackFideId "4122046"]
[WhiteElo "1955"]
[BlackElo "2169"]
[Result "0-1"]
[Round "03"]
[TimeControl "180+1"]
[Date "2022.11.09"]
[WhiteClock "0:00:01"]
[BlackClock "0:00:08"]

1. e4 c5 2. Nc3 Nc6 3. Bb5 Nd4 4. Nf3 Nxb5 5. Nxb5 a6 6. Nc3 d6 7. d4 cxd4 8. Qxd4 e5 9. Qb4 h6 10. Be3 Nf6 11. O-O-O Qc7 12. Bb6 Qe7 13. Nd5 Nxd5 14. exd5 g6 15. Rhe1 Bg7 16. Kb1 O-O 17. Nxe5 Bxe5 18. f4 Qf6 19. fxe5 dxe5 20. d6 Bd7 21. Rd5 Rfe8 22. Bc7 b5 23. Qc3 Re6 24. a3 Rae8 25. Qe3 Qf4 26. Qxf4 exf4 27. Rxe6 Rxe6 28. a4 Re2 29. axb5 axb5 30. Rd4 g5 31. c4 bxc4 32. h4 Rxg2 33. hxg5 hxg5 34. Rxc4 Rg1+ 35. Kc2 Kg7 36. Bb6 Rg2+ 37. Kd1 Kf6 38. Rc7 Ke6 39. Bc5 g4 40. b4 g3 41. Ke1 Rb2 42. Rb7 f3 43. Rb8 Rb1+ 44. Kd2 f2 45. Bxf2 gxf2 46. Rg8 f1=Q 0-1


[Site "https://www.chess.com"]

[Event "Titled Tuesday Blitz November 08 Early 2022"]
[White "Andreikin, Dmitry"]
[Black "Akbas, Umut Ata"]
[WhiteFideId "4158814"]
[BlackFideId "44572646"]
[WhiteElo "2736"]
[BlackElo "2192"]
[Result "1-0"]
[Round "03"]
[TimeControl "180+1"]
[Date "2022.11.08"]
[WhiteClock "0:00:46"]
[BlackClock "0:00:01"]

1. e4 c5 2. Nc3 e6 3. Nge2 Nc6 4. g3 d5 5. exd5 exd5 6. d4 Nf6 7. Bg2 Bg4 8. h3 Bxe2 9. Qxe2+ Be7 10. dxc5 O-O 11. O-O Bxc5 12. Bg5 h6 13. Bxf6 Qxf6 14. Qb5 Bb6 15. Nxd5 Qg5 16. h4 Qe5 17. Rfe1 Qd4 18. Nxb6 axb6 19. c3 Qd8 20. Bxc6 bxc6 21. Qxc6 Qd2 22. Qb5 Rfd8 23. Re2 Qd6 24. a3 Ra5 25. Qb3 g5 26. hxg5 Rxg5 27. Rae1 Rd7 28. Qb4 Qc7 29. Re8+ Kh7 30. Qe4+ Kg7 31. Qa8 Rd2 32. Rg8+ Kf6 33. Rxg5 hxg5 34. Qf3+ Kg7 35. Qe3 Rd5 36. Qe4 Qd6 37. Kg2 b5 38. Re2 Qc5 39. a4 bxa4 40. Qxa4 Qd6 41. Qe4 Kg8 42. b4 Qc7 43. c4 1-0


[Site "https://www.chess.com"]

[Event "Titled Tuesday Blitz November 08 Early 2022"]
[White "Andrews, Todd"]
[Black "Dehtiarov, Roman"]
[WhiteFideId "2012456"]
[BlackFideId "14186640"]
[WhiteElo "2429"]
[BlackElo "2200"]
[Result "1-0"]
[Round "03"]
[TimeControl "180+1"]
[Date "2022.11.09"]
[WhiteClock "0:00:52"]
[BlackClock "0:00:04"]

1. e4 e5 2. Nf3 Nc6 3. d4 exd4 4. Nxd4 Bc5 5. Be3 Qf6 6. c3 Nge7 7. Nc2 Bxe3 8. Nxe3 d6 9. Be2 O-O 10. O-O Be6 11. f4 g6 12. Bf3 Rad8 13. Nd2 d5 14. exd5 Nxd5 15. Nxd5 Bxd5 16. Bxd5 Rxd5 17. Ne4 Rxd1 18. Nxf6+ Kg7 19. Nh5+ gxh5 20. Raxd1 Re8 21. Rfe1 Rc8 22. Rd5 h6 23. Rxh5 Rd8 24. Re2 Rd1+ 25. Kf2 Ra1 26. a3 Rd1 27. Rh3 a5 28. g4 a4 29. Rhe3 Na5 30. Re4 b5 31. Re7 c6 32. Rc7 Rd6 33. h4 Nc4 34. Ree7 Rf6 35. Kg3 h5 36. g5 Rf5 37. Rxc6 Nxb2 38. g6 Nc4 39. gxf7 Nxa3 40. f8=Q+ Kxf8 41. Rb7 Kg8 42. Rc8+ Rf8 43. Rxf8+ Kxf8 44. f5 Nb1 45. Rxb5 Nxc3 46. Ra5 Ke7 47. Kf4 Kd6 48. Kg5 Ke7 49. Kg6 Kf8 50. f6 Ke8 51. Ra8+ Kd7 52. f7 Nd5 53. f8=Q a3 54. Rd8+ Kc6 55. Qd6+ 1-0


[Site "https://www.chess.com"]

[Event "Titled Tuesday Blitz November 08 Early 2022"]
[White "Aradhya, Garg"]
[Black "Isajevsky, Anton"]
[WhiteFideId "25006746"]
[BlackFideId "4142500"]
[WhiteElo "2223"]
[BlackElo "2510"]
[Result "1-0"]
[Round "03"]
[TimeControl "180+1"]
[Date "2022.11.09"]
[WhiteClock "0:01:59"]
[BlackClock "0:00:15"]

1. d4 d5 2. Nf3 Nf6 3. c3 Bf5 4. Qb3 Qc8 5. c4 dxc4 6. Qxc4 e6 7. Nc3 Nbd7 8. g3 Be7 9. Bg2 O-O 10. O-O Ne4 11. Nh4 Bxh4 12. Nxe4 Be7 13. Bf4 Nb6 14. Qxc7 Qxc7 15. Bxc7 Nc4 16. Rfc1 Nxb2 17. Rab1 Na4 18. Rxb7 Rfc8 19. h4 Nb6 20. Nc5 Nd5 21. Be5 Bg6 22. Bxd5 Bxc5 23. dxc5 exd5 24. c6 d4 25. c7 d3 26. Rb8 d2 27. Rd1 f6 28. Rxa8 Rxa8 29. Rxd2 1-0


[Site "https://www.chess.com"]